 Dungeon Crawl Stone Soup version 0.20.1-1-g8b1a95d (webtiles) character file.

86 gobwax the Firebug (level 4, 0/27 HPs)
             Began as an Octopode Fire Elementalist on Aug 14, 2017.
             Succumbed to an adder's poison
             ... on level 3 of the Dungeon.
             The game lasted 00:03:45 (2150 turns).

gobwax the Firebug (Octopode Fire Elementalist)     Turns: 2150, Time: 00:03:46

Health: 0/27       AC:  1    Str:  7    XL:     4   Next: 49%
Magic:  2/8        EV: 13    Int: 18    God:
Gold:   103        SH:  0    Dex: 12    Spells: 7/8 levels left

rFire    . . .     SeeInvis .   (no weapon)
rCold    . . .     Gourm    .   (no shield)
rNeg     . . .     Faith    .   (helmet restricted)
rPois    .         Spirit   .   (no amulet)
rElec    .         Reflect  .   (no ring)
rCorr    .         Harm     .   (no ring)
MR       .....                  (no ring)
Stlth    +++.......             (no ring)
Regen    0.1/turn               (no ring)
MPRegen  0.2/turn               (no ring)
                                (no ring)
                                (no ring)

@: lethally poisoned (0 -> -2), flying
A: almost no armour, stealthy swim, amphibious, 8 rings, constrict 8, camouflage
1, gelatinous body 1
a: no special abilities


You were on level 3 of the Dungeon.
You were not hungry.

You visited 1 branch of the dungeon, and saw 3 of its levels.

You collected 103 gold pieces.

Inventory:

Scrolls
 c - a scroll of amnesia {unknown}
 e - a scroll of enchant weapon
 g - 2 scrolls of identify
 h - a scroll of remove curse {unknown}
Books
 a - a book of Flames

   Spells                             Type                      Level
   a - Flame Tongue                   Conjuration/Fire             1
   b - Throw Flame                    Conjuration/Fire             2
   c - Conjure Flame                  Conjuration/Fire             3
   d - Inner Flame                    Hexes/Fire                   3
   e - Sticky Flame                   Conjuration/Fire             4
   f - Fireball                       Conjuration/Fire             5
Comestibles
 b - 2 bread rations
 f - a royal jelly
 k - a meat ration


   Skills:
 - Level 2.0 Dodging
 - Level 2.6 Stealth
 + Level 2.7 Spellcasting
 + Level 2.0 Conjurations
 + Level 4.1 Fire Magic


You had 7 spell levels left.
You knew the following spells:

 Your Spells              Type           Power        Failure   Level  Hunger
a - Flame Tongue          Conj/Fire      ##...        4%          1    None


Dungeon Overview and Level Annotations

Branches:
Dungeon (3/15)

Altars:
Ashenzari


Innate Abilities, Weirdness & Mutations

You cannot wear most types of armour.
You are very stealthy in the water. (Stealth+)
You are amphibious.
You can wear up to eight rings at the same time.
You can use your tentacles to constrict eight enemies at once.
Your skin changes colour to match your surroundings (Stealth+).
Your rubbery body absorbs attacks. (AC +1, EV +1)


Message History

You aren't carrying any weapons that can be enchanted.
Okay, then.
As you read the scroll labeled QYFULO QUERR, it crumbles to dust.
It is a scroll of identify.
i - a scroll of teleportation
As you read the scroll of teleportation, it crumbles to dust.
You feel strangely unstable.
* * * LOW HITPOINT WARNING * * *
You feel sick.
Your surroundings suddenly seem different.
* * * LOW HITPOINT WARNING * * *
You feel sick.
There is a stone staircase leading down here.
You fly downwards.
* * * LOW HITPOINT WARNING * * *
You feel sick.
Your magical contamination has completely faded away.
Found a scroll labeled LEYSUD PISOXUA.
There is a stone staircase leading up here.
You die...

#. #. #. #.
#? ## #.#.
#..#
#.@#######
#.........
##...###...
#..........
#..<#....##
#..#######
#++


There were no monsters in sight!

Vanquished Creatures
  Jessica (D:2)
  2 adders (D:2)
  2 dart slugs
  2 leopard geckos (D:1)
  6 bats (D:1)
  5 goblins
  6 hobgoblins
  2 jackals (D:2)
  A ball python (D:1)
  3 frilled lizards
  4 kobolds
  4 rats
38 creatures vanquished.

Notes
Turn   | Place    | Note
-------+----------+-------------------------------------------
     0 | D:1      | gobwax the Octopode Fire Elementalist began the quest for the Orb.
     0 | D:1      | Reached XP level 1. HP: 11/11 MP: 3/3
   370 | D:1      | Reached XP level 2. HP: 9/17 MP: 3/5
   945 | D:1      | Reached XP level 3. HP: 21/21 MP: 4/6
  1721 | D:2      | Found a shattered altar of Ashenzari.
  2119 | D:2      | Noticed Jessica
  2124 | D:2      | Killed Jessica
  2124 | D:2      | Reached skill level 4 in Fire Magic
  2124 | D:2      | Reached XP level 4. HP: 25/27 MP: 2/8
  2146 | D:3      | HP: 1/27 [poisoned by an adder]
  2150 | D:3      | Succumbed to an adder's poison

Skill      XL: |  1  2  3 |
---------------+----------+-----
Conjurations   | 2 |  2.0
Fire Magic     | 4 |  4.1
Dodging        | |  2.0
Stealth        | |  2.6
Spellcasting   | |  2.7

Action                   |  1- 3 |  4- 6 || total
-------------------------+-------+-------++-------
Melee: Unarmed           |    21 |     2 ||    23
       Constrict         |     6 |     1 ||     7
       Tentacles         |     1 |       ||     1
 Cast: Flame Tongue      |    55 |     3 ||    58
  Use: Potion            |     1 |     1 ||     2
       Scroll            |       |     3 ||     3
 Stab: Sleeping          |     3 |       ||     3
  Eat: Chunk             |     4 |       ||     4
Armor: Skin              |     3 |       ||     3
Dodge: Dodged            |    35 |     3 ||    38
